 Dungeon Crawl Stone Soup version 0.29.1-13-g9f3cf754e1 (webtiles) character file.

Game seed: 10304026276003544774

1976 Oxelix the Covert (level 9, -3/38 (42) HPs)
             Began as a Spriggan Brigand on Jan 31, 2023.
             Was a Follower of Wu Jian.
             Killed by divine providence
             ... invoked by an orc priest
              (14 damage)
             ... on level 7 of the Dungeon.
             The game lasted 00:19:35 (9612 turns).

Oxelix the Covert (Spriggan Brigand)                Turns: 9612, Time: 00:19:35

HP:   -3/38 (42)    AC:  3    Str:  7    XL:     9   Next: 0%
MP:   10/10         EV: 16    Int: 19    God:    Wu Jian [*.....]
Gold: 208           SH:  0    Dex: 20    Spells: 8/8 levels left

rFire   . . .      SeeInvis +   p - +0 rapier
rCold   . . .      Faith    +   (no shield)
rNeg    . . .      Spirit   .   b - +0 robe
rPois   .          Reflect  .   (helmet restricted)
rElec   .          Harm     .   c - +0 cloak
rCorr   .          Rampage  .   (gloves unavailable)
Will    +....                   (boots unavailable)
Stlth   ++++++....              f - amulet of faith
HPRegen 0.12/turn               B - ring of wizardry
MPRegen 0.12/turn               A - +6 ring of intelligence

@: drained, very quick
A: very small, no large weapons, unfitting armour, see invisible, speed 3
a: Renounce Religion


You were on level 7 of the Dungeon.
You worshipped Wu Jian.
Wu Jian was aware of your devotion.
You visited 2 branches of the dungeon, and saw 8 of its levels.

You collected 208 gold pieces.

Inventory:

Hand Weapons
 p - a +0 rapier (weapon)
 w - a +1 falchion of distortion
Missiles
 d - 23 poisoned darts
 e - 3 curare-tipped darts
 E - 4 boomerangs (quivered)
Armour
 b - a +0 robe (worn)
 c - a +0 cloak (worn)
Jewellery
 f - an amulet of faith (around neck)
 n - an amulet of guardian spirit
 A - a +6 ring of intelligence (right hand)
 B - a ring of wizardry (left hand)
 D - a ring of poison resistance
Wands
 y - a wand of flame (34)
 z - a wand of iceblast (8)
 C - a wand of polymorph (7)
Scrolls
 a - 3 scrolls of enchant weapon {unknown}
 g - 2 scrolls of teleportation {unknown}
 h - 3 scrolls of fear {unknown}
 j - 4 scrolls of magic mapping {unknown}
 m - 6 scrolls of butterflies {unknown}
 o - 2 scrolls of amnesia
 t - 3 scrolls of immolation {unknown}
 u - 8 scrolls of identify
 v - a scroll of summoning {unknown}
 x - a scroll of vulnerability {unknown}
Potions
 i - 3 potions of curing
 k - a potion of mutation {unknown}
 l - 2 potions of brilliance {unknown}
 q - 5 potions of heal wounds {unknown}
 r - a potion of ambrosia {unknown}
 s - a potion of haste
 F - a potion of flight {unknown}


   Skills:
 - Level 2.1 Fighting
 + Level 9.7 Short Blades
 - Level 2.0 Throwing
 - Level 1.3 Dodging
 * Level 13.2 Stealth


You had 8 spell levels left.
You didn't know any spells.
Your spell library contained the following spells:

 Spells                   Type           Power      Damage    Failure   Level
 Sandblast                Erth           0%         2d4       9%          1
 Passwall                 Tmut/Erth      0%         N/A       12%         2
 Inner Flame              Hex/Fire       0%         N/A       24%         3
 Stone Arrow              Conj/Erth      0%         3d7       24%         3
 Cause Fear               Hex            0%         N/A       58%         4
 Summon Lightning Spire   Summ/Air       0%         N/A       58%         4
 Storm Form               Tmut/Air       0%         N/A       100%        7
 Discord                  Hex            0%         N/A       100%        8
 Maxwell's Capacitive Co  Air            0%         ∞         100%        8


Dungeon Overview and Level Annotations

Branches:
Dungeon (7/15)             Temple (1/1) D:6

Altars:
Ashenzari
Cheibriados
Dithmenos
Elyvilon
Fedhas
Gozag
Hepliaklqana
Kikubaaqudgha
Makhleb
Nemelex Xobeh
Okawaru
Qazlal
Ru
Sif Muna
Trog
Uskayaw
Vehumet
Wu Jian
Xom
Yredelemnul
Zin
The Shining One

Shops:
D:1 [   D:2 (


Innate Abilities, Weirdness & Mutations

You are very small and have problems with some larger weapons.
You are too small for most types of armour.
You have supernaturally acute eyesight. (SInv)
You cover ground extremely quickly. (Speed+++)


Message History

Beogh smites you!
You hit the orc priest but do no damage.
You closely miss the orc priest. The orc priest barely misses you.
You closely miss the orc priest.
The orc priest casts a cantrip, but nothing happens.
You hit the orc priest.
The orc priest is moderately wounded.
The orc priest barely misses you.
You closely miss the orc priest.
The orc priest is moderately wounded.
You closely miss the orc priest.
The orc priest is moderately wounded.
The orc priest completely misses you.
You closely miss the orc priest.
The orc priest is moderately wounded.
The orc priest miscasts a cantrip.
You closely miss the orc priest.
The orc priest is moderately wounded.
You closely miss the orc priest.
The orc priest is moderately wounded.
The orc priest calls down the wrath of Beogh upon you.
Beogh smites you!
You hit the orc priest but do no damage.
The orc priest is moderately wounded.
The orc priest hits you with a +0 dagger.
You hit the orc priest but do no damage.
The orc priest is moderately wounded.
The orc priest hits you with a +0 dagger.
* * * LOW HITPOINT WARNING * * *
You hit the orc priest but do no damage.
The orc priest is moderately wounded.
You barely miss the orc priest.
The orc priest is moderately wounded.
The orc priest invokes the aid of Beogh against you.
You resist with some effort.
You hit the orc priest but do no damage.
The orc priest is moderately wounded.
The orc priest calls down the wrath of Beogh upon you.
Beogh smites you!
You die...

########## <).......#
########.##########
#.##.......#
#######........@.#
##..........####o.####
#....................#
#..##.##.##.#.##.....#
#..##.##.##.#......?.###
#...#.##.#..............
#.#.#.##.#...###.......#
.........#......)..#.#.#
#.......[...#####....#.#


You could see an orc priest.

Vanquished Creatures
  A two-headed ogre (D:6)
  3 ogres
  An ice beast (D:6)
  A centaur (D:5)
  A kobold brigand (D:6)
  A necrophage (D:6)
  3 scorpions
  A wight (D:7)
  A jelly (D:6)
  3 hounds
  3 orc priests
  A gnoll bouda (D:5)
  3 iguanas
  2 orc wizards
  7 gnolls (D:5)
  4 adders
  A shadow imp (D:7)
  A white imp (D:6)
  4 worms
  5 dart slugs
  22 orcs
  3 endoplasms (D:1)
  3 giant cockroaches
  4 hobgoblins
  10 jackals
  A quokka (D:1)
  4 ball pythons
  5 bats
  2 frilled lizards (D:1)
  7 goblins
  16 kobolds
  8 rats
132 creatures vanquished.

Vanquished Creatures (others)
  13 plants
13 creatures vanquished.

Grand Total: 145 creatures vanquished

Notes
Turn   | Place    | Note
-------+----------+-------------------------------------------
     0 | D:1      | Oxelix the Spriggan Brigand began the quest for the Orb.
     0 | D:1      | Reached XP level 1. HP: 10/10 MP: 2/2
   136 | D:1      | Found a faded altar of an unknown god.
   197 | D:1      | Reached XP level 2. HP: 15/15 MP: 3/3
   277 | D:1      | Found Ohostus's Armour Emporium.
  1394 | D:1      | Reached XP level 3. HP: 16/18 MP: 4/4
  1902 | D:2      | Reached skill level 6 in Stealth
  1902 | D:2      | Reached XP level 4. HP: 13/23 MP: 5/5
  2046 | D:2      | Found Ubasum's Weapon Shoppe.
  2526 | D:2      | Found an iron altar of Okawaru.
  2650 | D:3      | Noticed a scorpion
  2656 | D:3      | Killed a scorpion
  2657 | D:3      | Reached skill level 5 in Short Blades
  2657 | D:3      | Reached XP level 5. HP: 26/26 MP: 6/6
  3336 | D:3      | HP: 1/26 [orc priest/divine providence (13)]
  3698 | D:3      | Reached skill level 7 in Stealth
  4645 | D:4      | Noticed an ogre
  4698 | D:3      | Killed an ogre
  4699 | D:3      | Reached XP level 6. HP: 13/30 MP: 7/7
  5123 | D:4      | Reached skill level 8 in Stealth
  5655 | D:4      | Reached XP level 7. HP: 18/35 MP: 8/8
  5983 | D:5      | Entered Level 5 of the Dungeon
  6235 | D:5      | Reached skill level 9 in Stealth
  6531 | D:5      | Found a blossoming altar of Fedhas.
  7152 | D:6      | Reached XP level 8. HP: 18/39 MP: 9/9
  7380 | D:5      | Reached skill level 10 in Stealth
  7564 | D:6      | Noticed a two-headed ogre
  7611 | D:6      | Killed a two-headed ogre
  7612 | D:6      | Reached skill level 12 in Stealth
  7977 | D:6      | Found a staircase to the Ecumenical Temple.
  7995 | Temple   | Entered the Ecumenical Temple
  8277 | Temple   | Became a worshipper of the Wu Jian Council
  8530 | D:6      | Reached skill level 13 in Stealth
  9191 | D:7      | Reached XP level 9. HP: 24/38 MP: 10/10
  9376 | D:6      | Reached * piety under Wu Jian
  9612 | D:7      | Killed from afar by an orc priest

Illustrated notes

Levels and vault maps discovered:
D:1:      enne_arrival_octagon_isle, layout_loops_ring,
          shapermc_ecumenical_altar_mp_urbaneastern, serial_shops,
          nicolae_square_shop, lexackson_kobold_supper
D:2:      layout_rooms, serial_shops, shop, basic_altar
D:3:      layout_basic
D:4:      layout_cave_pools, kennysheep_crisscross, grunt_ministairs_9
D:5:      layout_basic, fedhas_ov_isle_minmay, grunt_ministairs_14,
          chequers_serial_rivers_micro_a
D:6:      layout_basic, minmay_temple_entry_sparse_star
D:7:      layout_loops_ring, minmay_misc_feat_rows, minmay_diced_spiral,
          uniq_joseph, uniq_prince_ribbit1
Temple:   mainiacjoe_temple_archimedes_tessellation

Skill      XL: |  1  2  3  4  5  6  7  8 |
---------------+-------------------------+-----
Short Blades   | 3 4 5 6 7 8 9 |  9.7
Fighting       | 2 |  2.1
Stealth        | 6 7 8 9 13 | 13.2
Throwing       | |  2.0
Dodging        | |  1.3

Action                   |  1- 3 |  4- 6 |  7- 9 || total
-------------------------+-------+-------+-------++-------
Melee: Dagger            |   295 |    91 |       ||   386
       Punch             |     5 |     2 |     4 ||    11
       Rapier            |       |   110 |   181 ||   291
Throw: Dart              |    18 |    42 |    42 ||   102
       Boomerang         |       |       |    23 ||    23
Invok: Lunge             |       |       |     7 ||     7
       Whirlwind         |       |       |     2 ||     2
  Use: Potion            |     1 |       |       ||     1
       Scroll            |       |     3 |       ||     3
 Stab: Sleeping          |    10 |     6 |     7 ||    23
       Distracted        |       |     1 |     2 ||     3
Armor: Robe              |     9 |    21 |    14 ||    44
Dodge: Dodged            |    51 |   151 |    87 ||   289
